 Dungeon Crawl Stone Soup version 0.16.2-12-gd0ad4c3 (webtiles) character file.

128 faibistes the Magician (level 4, 0/24 HPs)
             Began as a Deep Elf Wizard on June 22, 2018.
             Succumbed to a gnoll's poison
             ... on level 2 of the Dungeon.
             The game lasted 00:05:29 (3135 turns).

faibistes the Magician (Deep Elf Wizard)            Turns: 3135, Time: 00:05:29

Health: 0/24       AC:  2    Str:  4    XL:     4   Next: 86%
Magic:  16/18      EV: 13    Int: 24    God:
Gold:   81         SH:  0    Dex: 13    Spells: 6 memorised, 1 level left

rFire  . . .     SeeInvis .     m - +0 dagger
rCold  . . .     Clarity  .     a - +0 robe
rNeg   + . .     SustAb   .     (no shield)
rPois  .         Gourm    .     b - +0 hat
rElec  .         Spirit   .     (no cloak)
rCorr  .         Warding  +     (no gloves)
rMut   .         Stasis   .     (no boots)
MR     .....                    g - amulet of warding
Stlth  ++........               (no ring)
                                (no ring)

@: lethally poisoned (0 -> -7), repel missiles, not resistant to hostile
enchantments, unstealthy
A: no striking features
a: no special abilities


You were on level 2 of the Dungeon.
You were not hungry.

You visited 1 branch of the dungeon, and saw 3 of its levels.

You collected 81 gold pieces.

Inventory:

Hand weapons
 j - a +0 short sword
 m - a +0 dagger (weapon)
Armour
 a - a +0 robe (worn)
 b - a +0 hat (worn)
Jewellery
 e - an uncursed amulet of resist mutation
 g - an amulet of warding (around neck)
Scrolls
 l - a scroll of magic mapping {unknown}
 p - a scroll of fear {unknown}
 r - a scroll of recharging {unknown}
 t - a scroll of immolation {unknown}
 u - 2 scrolls of identify {unknown}
Potions
 f - 2 potions of brilliance {unknown}
 h - 2 potions of ambrosia {unknown}
 k - a potion of lignification {unknown}
 n - 2 potions of haste
 o - a potion of agility
 q - a potion of curing
 s - a potion of might {unknown}
Books
 c - a book of Minor Magic

   Spells                             Type                      Level
   a - Magic Dart                     Conjuration                  1
   b - Blink                          Translocation                2
   c - Call Imp                       Summoning                    2
   d - Repel Missiles                 Charms/Air                   2
   e - Slow                           Hexes                        2
   f - Conjure Flame                  Conjuration/Fire             3
   g - Mephitic Cloud                 Conjuration/Poison/Air       3
Comestibles
 d - 2 bread rations
 i - a meat ration


   Skills:
 + Level 3.7 Dodging
 - Level 2.4 Stealth
 * Level 5.9 Spellcasting
 * Level 3.1 Conjurations
 - Level 1.1 Summonings
 - Level 1.1 Translocations


You had one spell level left.
You knew the following spells:

 Your Spells              Type           Power        Failure   Level  Hunger
a - Magic Dart            Conj           ###.         1%          1    None
b - Conjure Flame         Conj/Fire      ##......     14%         3    #......
c - Call Imp              Summ           ##......     10%         2    None
d - Blink                 Tloc           N/A          10%         2    None
e - Mephitic Cloud        Conj/Pois/Air  ##......     17%         3    #......
f - Repel Missiles        Chrm/Air       #.....       14%         2    None


Dungeon Overview and Level Annotations

Branches:
Dungeon (3/15)

Altars:
Qazlal


Message History

HP restored.
Eat which item? (? for menu, Esc to quit)
You continue eating. x2
You finish eating.
That bread ration really hit the spot!
There is a stone staircase leading down here.
You climb downwards.
The gnoll hits you with a spear! The gnoll hits you with a spear!
There is a stone staircase leading up, spattered with blood here.
The gnoll hits you from afar with a spear of venom!
* * * LOW HITPOINT WARNING * * *
You are lethally poisoned!
The gnoll barely misses you.
You climb upwards.
* * * LOW HITPOINT WARNING * * *
You feel sick.
There is a stone staircase leading down here.
Casting: Magic Dart
Confirm with . or Enter, or press ? or * to list all spells.
You blink.
You die...

)..#...#...#..# #.......
............._# ##.##...
...#...#...#..# #.####.
..............# #.# #.
############### #.# #. ###
#.####. #######.##### #...##.
#.>....g....# ###.##.
#.#.##@.§).#[######.##. #.
##...............#).. ..
##...........)##÷### ##
##.##...#...##.##.# #
#.#..###...).....##.#
####..#### #..................#
...†...........####........####
#####.######.. ###...#...# .
.........


You could see a gnoll.

Vanquished Creatures
  Jessica (D:2)
  3 adders (D:2)
  A gnoll (D:2)
  A giant mite (D:2)
  2 worms (D:2)
  An orc (D:2)
  6 bats
  3 giant cockroaches
  6 goblins
  4 hobgoblins
  3 jackals (D:2)
  10 kobolds
  3 ball pythons
  4 giant newts
  2 rats
50 creatures vanquished.

Vanquished Creatures (collateral kills)
  2 adders (D:2)
2 creatures vanquished.

Grand Total: 52 creatures vanquished

Notes
Turn   | Place    | Note
--------------------------------------------------------------
     0 | D:1      | faibistes, the Deep Elf Wizard, began the quest for the Orb.
     0 | D:1      | Reached XP level 1. HP: 10/10 MP: 6/6
   421 | D:1      | Reached XP level 2. HP: 15/15 MP: 8/10
   425 | D:1      | Learned a level 2 spell: Blink
   428 | D:1      | Learned a level 2 spell: Call Imp
   960 | D:1      | Reached skill level 5 in Spellcasting
  1119 | D:2      | Reached XP level 3. HP: 19/19 MP: 5/14
  1124 | D:2      | Learned a level 3 spell: Conjure Flame
  1128 | D:2      | Learned a level 3 spell: Mephitic Cloud
  1661 | D:2      | Noticed Jessica
  1667 | D:2      | Killed Jessica
  1957 | D:2      | Reached XP level 4. HP: 24/24 MP: 14/17
  1979 | D:2      | Learned a level 2 spell: Repel Missiles
  2193 | D:2      | Found a stormy altar of Qazlal.
  3134 | D:2      | HP: 1/24 [poisoned by a gnoll]
  3135 | D:2      | Succumbed to a gnoll's poison

Action                   |  1- 3 |  4- 6 || total
-------------------------+-------+-------++-------
Melee: Dagger            |       |     1 ||     1
 Cast: Magic Dart        |    78 |    53 ||   131
       Call Imp          |     2 |     3 ||     5
       Mephitic Cloud    |     1 |     3 ||     4
       Blink             |       |     1 ||     1
       Repel Missiles    |       |     1 ||     1
  Use: Potion            |       |     3 ||     3
  Eat: Chunk             |     2 |     3 ||     5
       Bread ration      |       |     1 ||     1
